 Dungeon Crawl Stone Soup version 0.28.0-43-g3370ac3207 (webtiles) character file.

Game seed: 7988111464468235867

324 Bruhh the Caller (level 6, -1/79 HPs)
             Began as an Ogre Summoner on Mar 28, 2022.
             Was an Initiate of Yredelemnul.
             Succumbed to a scorpion's poison
             ... on level 4 of the Dungeon.
             The game lasted 00:20:43 (5115 turns).

Bruhh the Caller (Ogre Summoner)                    Turns: 5115, Time: 00:20:43

Health: -1/79      AC: 23    Str: 13    XL:     6   Next: 48%
Magic:  12/12      EV:  1    Int: 18    God:    Yredelemnul [......]
Gold:   164        SH:  0    Dex:  9    Spells: 7/13 levels left

rFire   . . .      SeeInvis .   o - +0 halberd (protect)
rCold   . . .      Faith    .   (shield currently unavailable)
rNeg    . . .      Spirit   .   (armour currently unavailable)
rPois   +          Reflect  .   (helmet currently unavailable)
rElec   .          Harm     .   (cloak currently unavailable)
rCorr   .          Rampage  .   (gloves unavailable)
Will    .....      NoTele   +   (boots unavailable)
Stlth   +.........              (no amulet)
HPRegen 0.23/turn               (no ring)
MPRegen 0.13/turn               (no ring)

@: mighty, lethally poisoned (-1 -> -11), tree-form, invisible
A: stationary, stasis, torment immunity, boosted hp, large, unfitting armour,
(tough skin 1)
a: Renounce Religion, Recall Undead Harvest


You were on level 4 of the Dungeon.
You worshipped Yredelemnul.
Yredelemnul was noncommittal.
You were a tree.
You visited 1 branch of the dungeon, and saw 4 of its levels.

You collected 164 gold pieces.

Inventory:

Hand Weapons
 c - a +0 dagger
 g - a +0 falchion
 o - a +0 halberd of protection (weapon)
Armour
 a - a +0 robe (melded)
Magical Staves
 l - a staff of earth
Wands
 h - a wand of flame (18)
Scrolls
 b - a scroll of enchant armour {unknown}
 f - 2 scrolls of vulnerability {unknown}
 j - a scroll of amnesia {unknown}
 k - a scroll of blinking {unknown}
 m - a scroll of teleportation {unknown}
 n - a scroll of identify {unknown}
 p - a scroll of fog {unknown}
Potions
 e - a potion of might
 s - a potion of haste {unknown}


   Skills:
 - Level 1.7 Dodging
 - Level 1.4 Stealth
 - Level 4.2 Spellcasting
 - Level 5.6 Summonings
 + Level 1.4 Air Magic
 + Level 1.4 Poison Magic


You had 7 spell levels left.
You knew the following spells:

 Your Spells              Type           Power      Damage    Failure   Level
a - Summon Small Mammal   Summ           96%        N/A       1%          1
b - Call Imp              Summ           24%        N/A       1%          2
c - Call Canine Familiar  Summ           24%        N/A       4%          3

Your spell library contained the following spells:

 Spells                   Type           Power      Damage    Failure   Level
 Poisonous Vapours        Pois/Air       16%        N/A       12%         2
 Sandblast                Erth           6%         2d5       14%         1
 Summon Guardian Golem    Hex/Summ       14%        N/A       14%         3
 Corpse Rot               Necr/Air       12%        N/A       16%         2
 Passwall                 Tmut/Erth      2%         N/A       22%         2
 Summon Lightning Spire   Summ/Air       16%        N/A       32%         4
 Stone Arrow              Conj/Erth      6%         3d7       41%         3


Dungeon Overview and Level Annotations

Branches:
Dungeon (4/15)
 Temple: D:4-7

Altars:
Fedhas
Ru
Yredelemnul


Innate Abilities, Weirdness & Mutations

You are a tree.
Your roots penetrate the ground, keeping you stationary.
You cannot be teleported.
You are immune to unholy pain and torment.
Your maximum health is greatly increased.
Your equipment is partially melded.
You are too large for most types of armour.
((You have tough skin. (AC +1)))


Message History

You feel sick.
Your hound barely misses the scorpion.
The scorpion closely misses your hound.
Your hound misses the scorpion.
You feel sick. The scorpion barely misses your hound.
Your hound closely misses the scorpion.
You feel sick.
Your hound bites the scorpion.
Your hound barely misses the scorpion.
You feel sick.
Your hound bites the scorpion but does no damage.
The scorpion stings you.
You are more poisoned.
The scorpion poisons you!
You barely miss the scorpion.
The scorpion is severely wounded.
You feel very sick.
Your hound barely misses the scorpion. x2; The scorpion stings you.
* * * LOW HITPOINT WARNING * * *
You are lethally poisoned!
The scorpion poisons you! The scorpion closely misses you.
Your hound closely misses the scorpion.
It was a potion of flight.
You feel very buoyant.
You fly up into the air.
* * * LOW HITPOINT WARNING * * *
You feel very sick.
Your hound barely misses the scorpion.
The scorpion stings you but does no damage.
It was a potion of magic.
Magic courses through your body.
* * * LOW HITPOINT WARNING * * *
You feel very sick.
Your hound bites the scorpion but does no damage.
The scorpion barely misses you.
Your hound bites the scorpion.
It was a potion of lignification.
You turn into a tree.
Your +0 robe melds into your body.
Your roots penetrate the ground.
* * * LOW HITPOINT WARNING * * *
You feel very sick. The scorpion misses your hound.
Your hound closely misses the scorpion.
It was a potion of invisibility.
You fade into invisibility!
You die...
Your body rises from the dead as a mindless zombie.

####....(..........#.##...#
#....[(.############.##.#.#
#.##.##.# #.###..#
#.##.##.# #.###..#
#.##....# ####### #......#
#.####..# #..<..# #####.##
#.####..# #.....# #.#
#.......# #..#..# #.#
#####...# #♣....# #.#
###...####s....## #.#
#.......#.h.....# ###.#
#.......#.##)#..# #...#
#..........#.#..# #.###
##....###..#.#..####.#
#....# #.........##.#
#.....##.......#....#
#.###............####


You could see a scorpion (ally target) and a friendly hound (summoned,
poisoned).

Vanquished Creatures
  A gnoll (D:3)
  A dart slug (D:1)
  2 orcs (D:3)
  2 endoplasms
  3 giant cockroaches
  3 goblins
  4 hobgoblins
  6 jackals
  A quokka (D:1)
  3 ball pythons
  7 bats
  A frilled lizard (D:1)
  5 kobolds
  3 rats (D:3)
  A spectral orc (D:3)
43 creatures vanquished.

Vanquished Creatures (collateral kills)
  A jelly (D:3)
  An orc priest (D:4)
  Jessica (D:2)
  Natasha (twice) (D:2)
  An orc wizard (D:3)
  3 gnolls (D:3)
  4 adders
  A worm (D:3)
  A dart slug (D:1)
  2 orcs
  A ball python (D:1)
  3 endoplasms
  3 giant cockroaches
  2 goblins
  2 hobgoblins (D:1)
  2 kobolds (D:1)
  3 quokkas
  2 bats
  3 frilled lizards
  A rat (D:3)
39 creatures vanquished.

Vanquished Creatures (others)
  An orc zombie (D:4)
1 creature vanquished.

Grand Total: 83 creatures vanquished

Notes
Turn   | Place    | Note
-------+----------+-------------------------------------------
     0 | D:1      | Bruhh the Ogre Summoner began the quest for the Orb.
     0 | D:1      | Reached XP level 1. HP: 16/16 MP: 3/3
   219 | D:1      | Reached XP level 2. HP: 23/24 MP: 4/6
   698 | D:1      | Reached XP level 3. HP: 19/31 MP: 6/8
   890 | D:1      | Found a faded altar of an unknown god.
   901 | D:1      | Learned a level 2 spell: Call Imp
  1426 | D:2      | Noticed Natasha
  1742 | D:2      | Noticed Jessica
  1756 | D:2      | Killed Jessica
  1757 | D:2      | Reached skill level 4 in Summonings
  1757 | D:2      | Reached XP level 4. HP: 38/39 MP: 5/10
  2415 | D:2      | Killed Natasha
  2674 | D:2      | Noticed Natasha
  2702 | D:2      | Killed Natasha
  2703 | D:2      | Reached XP level 5. HP: 45/45 MP: 7/11
  2889 | D:3      | Learned a level 3 spell: Call Canine Familiar
  2990 | D:3      | Reached skill level 5 in Summonings
  3852 | D:3      | Reached XP level 6. HP: 49/53 MP: 12/12
  4735 | D:3      | Found a sacrificial altar of Ru.
  4735 | D:3      | Found a blossoming altar of Fedhas.
  4771 | D:3      | Found a basalt altar of Yredelemnul.
  4784 | D:3      | Became a worshipper of Yredelemnul the Dark
  5036 | D:4      | Reached skill level 1 in Air Magic
  5036 | D:4      | Reached skill level 1 in Poison Magic
  5113 | D:4      | HP: 2/53 [poisoned by a scorpion]
  5115 | D:4      | Succumbed to a scorpion's poison

Illustrated notes

Levels and vault maps discovered:
D:1:      doesnt_arrival_eight_statues, layout_loops_ring,
          hellmonk_ecumenical_altar_lost_god, serial_bayou_pond_d
D:2:      layout_loops_ring, serial_rivers, chequers_serial_rivers_small_b,
          chequers_serial_rivers_small_3, chequers_serial_rivers_small_3,
          chequers_serial_rivers_room_b, chequers_serial_rivers_micro_b,
          uniq_natasha, uniq_jessica
D:3:      layout_basic, yredelemnul_forgotten_temple_becter,
          chequers_temple_overflow_statue_of_worship
D:4:      layout_loops_cross, gup_sewer_entry_pipe, minmay_puff, uniq_pikel

Skill      XL: |  1  2  3  4  5  6 |
---------------+-------------------+-----
Spellcasting   | 3 4 |  4.2
Summonings     | 4 5 |  5.6
Air Magic      | 1 |  1.4
Poison Magic   | 1 |  1.4
Dodging        | |  1.7
Stealth        | |  1.4

Action                   |  1- 3 |  4- 6 || total
-------------------------+-------+-------++-------
Melee: Unarmed           |    20 |       ||    20
       Dagger            |    78 |       ||    78
       Falchion          |    10 |    80 ||    90
       Halberd           |       |    52 ||    52
 Cast: Summon Small Mamm |    36 |     7 ||    43
       Call Imp          |    10 |    17 ||    27
       Call Canine Famil |       |    14 ||    14
Invok: Recall Undead Har |       |     1 ||     1
  Use: Potion            |       |     5 ||     5
 Stab: Distracted        |     2 |       ||     2
       Sleeping          |     1 |     3 ||     4
Armor: Robe              |    58 |    51 ||   109
Dodge: Dodged            |    96 |    73 ||   169
